 Dungeon Crawl Stone Soup version 0.23-a0-315-ga85b81c (webtiles) character file.

392 Amnesiac the Digger (level 6, -3/49 HPs)
             Began as a Deep Dwarf Earth Elementalist on Oct 14, 2018.
             Was an Initiate of Gozag.
             Slain by Duvessa
             ... wielding a +0 short sword
              (9 damage)
             ... on level 4 of the Dungeon.
             The game lasted 00:14:27 (3294 turns).

Amnesiac the Digger (Deep Dwarf Earth Elementalist) Turns: 3294, Time: 00:14:28

Health: -3/49      AC:  3    Str: 11    XL:     6   Next: 50%
Magic:  0/11       EV: 12    Int: 23    God:    Gozag
Gold:   418        SH:  0    Dex: 13    Spells: 4/11 levels left

rFire    + . .     SeeInvis .   m - -2 dagger (curse)
rCold    . . .     Gourm    .   (no shield)
rNeg     . . .     Faith    .   c - +0 robe
rPois    +         Spirit   .   (no helmet)
rElec    .         Reflect  .   (no cloak)
rCorr    .         Harm     .   (no gloves)
MR       .....                  v - +0 pair of boots
Stlth    ++........             (no amulet)
HPRegen  0.00/turn              r - ring of protection from fire (curse)
MPRegen  0.12/turn              i - ring of poison resistance

@: brilliant, non-regenerating, hasted (expiring), very quick
A: damage resistance, heal wounds, sense surroundings 1, no regeneration
a: Heal Wounds, Potion Petition, Call Merchant, Bribe Branch, Renounce Religion


You were on level 4 of the Dungeon.
You worshipped Gozag.
Gozag was aware of your devotion.
You were not hungry.

You visited 1 branch of the dungeon, and saw 4 of its levels.

You collected 504 gold pieces.
You spent 49 gold pieces at shops.
You paid 37 gold pieces to Gozag.

Inventory:

Hand Weapons
 g - a +0 dagger
 l - a +0 blowgun
 m - a cursed -2 dagger (weapon)
Missiles
 b - 19 stones (quivered)
 n - 39 poisoned needles
Armour
 c - a +0 robe (worn)
 d - a scarf of spirit shield
 e - a +1 plate armour
 v - a +0 pair of boots (worn)
Jewellery
 a - an uncursed ring of protection from fire
 i - a ring of poison resistance (right hand)
 k - an uncursed ring of see invisible
 r - a cursed ring of protection from fire (left hand)
Wands
 q - a wand of iceblast (8)
 u - a wand of random effects (10)
Scrolls
 h - a scroll of enchant armour {!r}
 j - a scroll of enchant weapon {!r}
 s - a scroll of magic mapping {!r}
 t - a scroll of identify {!r}
Potions
 f - 2 potions of agility {!q}
 p - a potion of might {!q}
Comestibles
 o - a ration


   Skills:
 - Level 2.1 Dodging
 - Level 4.0 Stealth
 + Level 3.3 Spellcasting
 - Level 0.8 Transmutations
 * Level 7.9 Earth Magic


You had 4 spell levels left.
You knew the following spells:

 Your Spells              Type           Power        Failure   Level  Hunger
a - Sandblast             Erth           ######       1%          1    None
b - Passwall              Tmut/Erth      #####...     1%          2    ##.....
e - Petrify               Tmut/Erth      #####...     2%          4    ####...

Your spell library contained the following spells:

 Spells                   Type           Power        Failure   Level  Hunger
 Stone Arrow              Conj/Erth      #####.       1%          3    ###....
 Lee's Rapid Deconstruct  Erth           ######....   1%          5    ######.


Dungeon Overview and Level Annotations

Branches:
Dungeon (4/15)
 Temple: D:4-7

Altars:
Elyvilon
Gozag
Xom

Shops:
D:4 **

Annotations:
D:4 Duvessa


Innate Abilities, Weirdness & Mutations

You are resistant to damage.
You can heal yourself by infusing magical energy.
You passively map a small area around you.
You do not regenerate.


Message History

Duvessa is lightly wounded.
You hit Duvessa.
Duvessa is lightly wounded.
Duvessa hits you with a short sword.
* * * LOW HITPOINT WARNING * * *
You hit Duvessa.
Duvessa is moderately wounded.
Duvessa hits you with a short sword.
* * * LOW HITPOINT WARNING * * *
You hit Duvessa but do no damage.
Duvessa is moderately wounded.
You hit Duvessa but do no damage.
Duvessa is moderately wounded.
Duvessa hits you with a short sword!
* * * LOW HITPOINT WARNING * * *
You hit Duvessa.
Duvessa is moderately wounded.
Duvessa hits you with a short sword!
* * * LOW HITPOINT WARNING * * *
You hit Duvessa.
Duvessa is moderately wounded.
You puncture Duvessa!
Duvessa is heavily wounded.
Duvessa hits you with a short sword!
* * * LOW HITPOINT WARNING * * *
You feel a strong urge to attack something.
You feel your anger nearly subside.
You are no longer berserk.
You are exhausted.
You feel yourself slow down.
There is an open door here.
Casting: Petrify (safe; 2% risk of failure)
Confirm with . or Enter, or press ? or * to list all spells.
Aiming: Petrify (safe; 2% risk of failure)
Press: ? - help, Shift-Dir - straight line, f/p - Duvessa
Aim: Duvessa, wielding a short sword and wearing a scale mail (heavily wounded, Duvessa resists with some effort.
Unknown command.
Casting: Petrify (safe; 2% risk of failure)
Confirm with . or Enter, or press ? or * to list all spells.
You don't have enough magic to cast that spell.
Unknown command.
Duvessa grits her teeth and focuses.
You hear the quick rusting of a very distant drain.
There is an open door here.
Duvessa grits her teeth and focuses.
Duvessa weeps.
You feel yourself speed up.
There is an open door here.
Casting: Petrify (safe; 2% risk of failure)
Confirm with . or Enter, or press ? or * to list all spells.
Aiming: Petrify (safe; 2% risk of failure)
Press: ? - help, Shift-Dir - straight line, f/p - Duvessa
Aim: Duvessa, wielding a short sword and wearing a scale mail (heavily wounded, Duvessa is moving more slowly.
You recover from your berserk rage.
Unknown command.
Your extra speed is starting to run out.
You hit Duvessa.
Duvessa is heavily wounded.
You completely miss Duvessa.
Duvessa is heavily wounded.
Duvessa hits you with a short sword!
You die...
Your body crumbles into a pile of gold.

..+..............+ *
.##..............#
.##...##.........# , ,*
.##...##......##.#* ,
......##....#.##.#######
.......................#
.......................#
.>.....................#
................@e.....#
.##...##...##...##.....#
.#######...####.####'###
.. +.......∩..e....# ,
#...............# ...,
#...............# >.. ,
#...............# ...
#.............).# .#.
#...............#


You could see Duvessa (petrifying).

Vanquished Creatures
  Grinder (D:3)
  Dowan (D:4)
  A worker ant (D:3)
  6 adders
  A worm (D:2)
  3 dart slugs (D:1)
  3 leopard geckos
  8 orcs
  4 giant cockroaches
  7 goblins
  10 hobgoblins
  3 jackals (D:3)
  A ball python (D:1)
  4 bats
  3 frilled lizards
  9 kobolds
  11 rats
76 creatures vanquished.

Notes
Turn   | Place    | Note
-------+----------+-------------------------------------------
     0 | D:1      | Amnesiac the Deep Dwarf Earth Elementalist began the quest
                  | for the Orb.
     0 | D:1      | Reached XP level 1. HP: 15/15 MP: 3/3
   165 | D:3      | Reached XP level 2. HP: 16/22 MP: 5/5
   169 | D:3      | Learned a level 2 spell: Passwall
   219 | D:3      | Reached skill level 5 in Earth Magic
   239 | D:3      | Found a white marble altar of Elyvilon.
   278 | D:3      | Noticed Grinder
   355 | D:2      | Reached XP level 3. HP: 17/28 MP: 3/6
   771 | D:2      | Found a faded altar of an unknown god.
   805 | D:2      | Found an opulent altar of Gozag.
   819 | D:2      | Became a worshipper of Gozag Ym Sagoz the Greedy
   899 | D:1      | Reached XP level 4. HP: 10/36 MP: 0/7
  1114 | D:1      | Reached skill level 6 in Earth Magic
  1501 | D:2      | Learned a level 4 spell: Petrify
  2372 | D:3      | Found a shimmering altar of Xom.
  2533 | D:3      | Reached XP level 5. HP: 6/42 MP: 3/9
  2732 | D:3      | Killed Grinder
  2732 | D:3      | Reached skill level 7 in Earth Magic
  2732 | D:3      | Reached XP level 6. HP: 11/49 MP: 2/10
  2804 | D:4      | Noticed Duvessa
  2812 | D:4      | Noticed Dowan
  2869 | D:4      | Found Mukken's General Store.
  2999 | D:4      | Killed Dowan
  3066 | D:4      | Found Okagunav's General Store.
  3070 | D:4      | Bought a +0 pair of boots for 49 gold pieces
  3294 | D:4      | Slain by Duvessa

Vault maps used:
D:1:      lemuel_arrival_room
D:2:      chequers_ecumenical_altar_grove, first_ration,
          chequers_serial_rivers_micro_c,
          nicolae_gozag_cash_rules_everything_around_me
D:3:      tgw_xom, elyvilon_altar_5, kennysheep_another_room, uniq_grinder
D:4:      kennysheep_mini_moat, portal_sewer_entry_d, serial_shops, shop, shop,
          shop_statue, nicolae_shop_waterfront, nicolae_shop_trees, uniq_duvessa

Skill      XL: |  1  2  3  4  5  6 |
---------------+-------------------+-----
Spellcasting   | 2 3 |  3.3
Earth Magic    | 5 6 7 |  7.9
Stealth        | 3 4 |  4.0
Dodging        | |  2.1
Transmutations | |  0.8

Action                   |  1- 3 |  4- 6 || total
-------------------------+-------+-------++-------
Melee: Dagger            |    64 |    44 ||   108
       Unarmed           |     1 |       ||     1
 Cast: Sandblast         |    33 |    61 ||    94
       Passwall          |       |     3 ||     3
       Petrify           |       |     8 ||     8
Invok: Potion Petition   |       |     1 ||     1
 Abil: Heal Wounds       |     1 |       ||     1
  Use: Scroll            |     5 |     5 ||    10
       Potion            |       |     4 ||     4
 Stab: Sleeping          |     2 |     3 ||     5
       Petrified         |       |     5 ||     5
  Eat: Chunk             |     1 |       ||     1
       Ration            |       |     3 ||     3
Armor: Robe              |    15 |    15 ||    30
Dodge: Dodged            |    59 |    38 ||    97

Table legend:
 A = Non-vault XP
 B = Vault XP
 C = Vault XP percentage of total XP
 D = Non-vault monster count
 E = Vault monster count
 F = Vault count percentage of total count
                 A         B        C        D         E       F
            +---------+---------+-------+---------+---------+-------
      Total |     235 |     325 |  58.0 |      70 |       6 |   7.9
            +---------+---------+-------+---------+---------+-------
        D:1 |      47 |       0 |   0.0 |      23 |       0 |   0.0
        D:2 |      53 |       0 |   0.0 |      16 |       0 |   0.0
        D:3 |     128 |     256 |  66.7 |      28 |       5 |  15.2
        D:4 |       7 |      69 |  90.8 |       3 |       1 |  25.0
            +---------+---------+-------+---------+---------+-------
